 Dungeon Crawl Stone Soup version 0.26-a0-1102-g347fe5baa7 (webtiles) character file.

Game seed: 1043991588654624749

8283 streetpizza the Destroyer (level 11, -6/95 HPs)
             Began as a Red Draconian Conjurer on Dec 15, 2020.
             Was a High Priest of Vehumet.
             Mangled by a wyvern zombie (8 damage)
             ... on level 11 of the Dungeon.
             The game lasted 01:06:32 (16584 turns).

streetpizza the Destroyer (Red Draconian Conjurer) Turns: 16584, Time: 01:06:33

Health: -6/95      AC:  8    Str: 10    XL:     11   Next: 7%
Magic:  21/22      EV: 19    Int: 22    God:    Vehumet [*****.]
Gold:   724        SH:  0    Dex:  9    Spells: 14/24 levels left

rFire    + . .     SeeInvis .   H - +4 long sword (vorpal)
rCold    . . .     Faith    .   (no shield)
rNeg     . . .     Spirit   .   (armour unavailable)
rPois    .         Reflect  .   (helmet restricted)
rElec    .         Harm     .   c - scarf {shadows}
rCorr    .         Rampage  .   m - +0 pair of gloves
Will     .....                  (no boots)
Stlth    +++.......             (no amulet)
HPRegen  0.25/turn              I - ring of stealth
MPRegen  0.18/turn              A - +4 ring of evasion

@: short of breath, flying
A: breathe fire, unfitting armour, fire resistance 1, cold-blooded, AC +7
a: Breathe Fire, Renounce Religion


You were on level 11 of the Dungeon.
You worshipped Vehumet.
Vehumet was extremely pleased with you.
You visited 2 branches of the dungeon, and saw 12 of its levels.
You also visited: Ossuary.

You collected 724 gold pieces.

Inventory:

Hand Weapons
 H - a +4 vorpal long sword (weapon)
Missiles
 s - 19 poisoned darts (quivered)
Armour
 c - a scarf of shadows (worn)
 m - a +0 pair of gloves (worn)
Magical Staves
 K - an uncursed staff of poison
Jewellery
 A - a +4 ring of evasion (right hand)
 I - a ring of stealth (left hand)
Wands
 l - a wand of polymorph (11)
 v - a wand of digging (8)
 y - a wand of flame (34)
 B - a wand of iceblast (4)
 F - a wand of acid (11)
Scrolls
 a - 4 scrolls of enchant weapon {unknown}
 d - 5 scrolls of enchant armour {unknown}
 e - 3 scrolls of fog {unknown}
 i - 8 scrolls of identify {unknown}
 k - 4 scrolls of teleportation {unknown}
 n - 3 scrolls of fear {unknown}
 o - 3 scrolls of immolation {unknown}
 r - 3 scrolls of magic mapping {unknown}
 u - 3 scrolls of remove curse {unknown}
 x - 2 scrolls of amnesia {unknown}
 z - a scroll of noise {unknown}
 D - a scroll of silence {unknown}
 E - a scroll of brand weapon {unknown}
 G - a scroll of torment {unknown}
Potions
 b - 3 potions of haste {unknown}
 f - 2 potions of lignification {unknown}
 g - 8 potions of curing {unknown}
 h - 2 potions of degeneration {unknown}
 j - 5 potions of heal wounds {unknown}
 p - a potion of berserk rage {unknown}
 q - a potion of cancellation {unknown}
 t - 2 potions of invisibility {unknown}
 w - a potion of might {unknown}
 C - a potion of resistance {unknown}
 J - a potion of attraction {unknown}
 L - a potion of flight


   Skills:
 + Level 8.3 Fighting
 + Level 7.3 Dodging
 - Level 1.7 Stealth
 + Level 7.4 Spellcasting
 + Level 9.8 Conjurations
 + Level 5.7 Fire Magic
 - Level 3.5 Earth Magic


You had 14 spell levels left.
You knew the following spells:

 Your Spells              Type           Power        Failure   Level
a - Magic Dart            Conj           ####         1%          1
b - Searing Ray           Conj           ####..       1%          2
c - Stone Arrow           Conj/Erth      ###...       1%          3
d - Sticky Flame          Conj/Fire      ###.....     1%          4

Your spell library contained the following spells:

 Spells                   Type           Power        Failure   Level
 Conjure Ball Lightning   Conj/Air       ##........   36%         6
 Shock                    Conj/Air       ##..         1%          1
 Dazzling Flash           Conj/Hex       ##....       1%          3
 Static Discharge         Conj/Air       ##......     1%          3
 Fulminant Prism          Conj/Hex       ##........   3%          4
 Iskenderun's Mystic Bla  Conj/Tloc      ##......     3%          4
 Lightning Bolt           Conj/Air       ##........   8%          5
 Swiftness                Air            #.......     12%         2
 Airstrike                Air            #.........   21%         4


Dungeon Overview and Level Annotations

Branches:
Dungeon (11/15)            Temple (1/1) D:6            Lair (0/6) D:8
    Orc (0/2) D:9         Ossuary (visited)

Altars:
Ashenzari
Cheibriados
Dithmenos
Elyvilon
Fedhas
Gozag
Hepliaklqana
Kikubaaqudgha
Makhleb
Nemelex Xobeh
Okawaru
Qazlal
Ru
Sif Muna
Trog
Uskayaw
Vehumet
Wu Jian
Xom
Yredelemnul
Zin
The Shining One

Shops:
D:10 [

Annotations:
D:8 Gastronok


Innate Abilities, Weirdness & Mutations

You can breathe blasts of fire.
Your fiery red scales are hard. (AC +7)
You cannot fit into any form of body armour.
Your flesh is heat resistant. (rF+)
You are cold-blooded and may be slowed by cold attacks.


Message History

The wyvern zombie is moderately damaged.
The fiery breath hits the water elemental!!
The water elemental is burned terribly!
The water elemental is heavily damaged.
The wyvern zombie completely misses you.
The water elemental is engulfed in blazing flames.
Unknown command.
Casting: Searing Ray (safe; 1% risk of failure)
Confirm with . or Enter, or press ? or * to list all spells.
Aiming: Searing Ray (safe; 1% risk of failure)
Press: ? - help, Shift-Dir - straight line, p - water elemental You feel a numb sensation.
The searing ray hits the wyvern zombie!
The wyvern zombie is heavily damaged.
The searing ray hits the water elemental!
You destroy the water elemental!
Vehumet accepts your kill.
You feel your power returning. (Press . to maintain the ray.)
The wyvern zombie closely misses you. The wyvern zombie bites you!
You die...

#.....# ####.....#
.........# .........#
........####
#........# #
####@.....# ##.
#..Z).....+
#...#####§##...>..#
###.#......E.###.....
≈≈≈≈..≈≈≈≈≈≈≈.E..≈≈≈≈≈
≈≈≈≈≈≈≈≈≈≈≈.≈≈≈≈≈≈≈.≈≈
≈≈≈≈≈≈≈≈≈≈≈≈≈≈≈≈≈≈≈≈≈≈
≈≈≈≈≈≈≈≈≈≈≈≈≈≈≈≈≈≈≈
≈≈≈≈≈≈≈≈≈≈≈≈≈≈≈≈#≈≈≈


You could see a wyvern zombie.

Vanquished Creatures
  Josephine (D:11)
  A centaur warrior (D:9)
  Psyche (D:9)
  A centaur skeleton (D:10)
  A troll (D:10)
  A hornet (D:11)
  Grinder (D:4)
  2 wyverns (D:10)
  A water elemental (D:11)
  5 wraiths (D:11)
  A warg (D:9)
  A soldier ant (D:10)
  Duvessa (D:4)
  8 orc warriors
  A black bear (D:7)
  2 phantoms
  4 ogres
  2 elf zombies (Ossuary)
  3 bullfrogs
  2 wyvern zombies
  A big kobold (D:7)
  A gnoll sergeant (D:10)
  Dowan (D:4)
  5 scorpions
  3 killer bees (D:7)
  An electric eel (D:11)
  A howler monkey (D:6)
  A bullfrog zombie (D:9)
  5 centaur zombies (Ossuary)
  3 jellies
  A hound (D:6)
  3 bullfrog skeletons
  8 orc priests
  Jessica (D:2)
  Natasha (thrice) (D:4)
  17 orc wizards
  4 worker ants
  4 iguanas
  A killer bee zombie (D:9)
  A big kobold zombie (Ossuary)
  2 hound zombies
  A hound skeleton (D:7)
  3 mummies (Ossuary)
  6 gnolls
  A worker ant zombie (D:9)
  8 adders
  2 shadow imps
  5 ufetubi
  An ooze (D:1)
  An adder skeleton (D:7)
  6 adder zombies
  6 worms
  3 dart slugs
  6 leopard geckos
  38 orcs
  6 giant cockroaches
  9 goblins
  14 hobgoblins
  11 jackals
  4 quokkas
  A ball python (D:5)
  9 bats
  6 frilled lizards
  4 goblin zombies (Ossuary)
  7 jackal zombies (Ossuary)
  11 kobolds
  A kobold zombie (Ossuary)
  A leopard gecko skeleton (D:5)
  An orc zombie (Ossuary)
  A quokka skeleton (D:5)
  A quokka zombie (Ossuary)
  9 rats
  3 rat zombies (Ossuary)
293 creatures vanquished.

Notes
Turn   | Place    | Note
-------+----------+-------------------------------------------
     0 | D:1      | streetpizza the Draconian Conjurer began the quest for the
                  | Orb.
     0 | D:1      | Reached XP level 1. HP: 14/14 MP: 3/3
   352 | D:1      | Reached XP level 2. HP: 22/22 MP: 1/5
   355 | D:1      | Learned a level 2 spell: Searing Ray
   739 | D:1      | Reached skill level 1 in Fighting
  1111 | D:1      | Reached XP level 3. HP: 28/28 MP: 2/6
  1527 | D:2      | Noticed Jessica
  1547 | D:2      | Killed Jessica
  1548 | D:2      | Reached XP level 4. HP: 33/35 MP: 1/7
  1828 | D:2      | Found a shimmering altar of Xom.
  1829 | D:2      | Found a shimmering altar of Xom.
  1834 | D:2      | Found a shimmering altar of Xom.
  1834 | D:2      | Found a shimmering altar of Xom.
  1834 | D:2      | Found a shimmering altar of Xom.
  1835 | D:2      | Found a shimmering altar of Xom.
  1835 | D:2      | Found a shimmering altar of Xom.
  1836 | D:2      | Found a shimmering altar of Xom.
  1836 | D:2      | Found a shimmering altar of Xom.
  2138 | D:2      | Reached skill level 5 in Conjurations
  2560 | D:2      | Found a radiant altar of Vehumet.
  2569 | D:2      | Became a worshipper of Vehumet
  2658 | D:2      | Found a hazy altar of Hepliaklqana.
  2758 | D:3      | Reached XP level 5. HP: 41/41 MP: 6/9
  3452 | D:3      | Reached * piety under Vehumet
  3452 | D:3      | Offered knowledge of Shock by Vehumet.
  3726 | D:3      | Reached XP level 6. HP: 50/50 MP: 10/10
  4137 | D:4      | Noticed Grinder
  4484 | D:4      | Found a sand-covered staircase.
  4492 | Ossuary  | Entered an ossuary
  4863 | Ossuary  | Reached skill level 6 in Conjurations
  5215 | Ossuary  | Reached ** piety under Vehumet
  5215 | Ossuary  | Offered knowledge of Freeze by Vehumet.
  5303 | Ossuary  | Your scales start taking on a fiery red colour.
  5303 | Ossuary  | Reached XP level 7. HP: 57/57 MP: 6/12
  5303 | Ossuary  | Gained mutation: Your flesh is heat resistant. (rF+) [Red
                  | Draconian growth]
  6201 | D:4      | Paralysed by Grinder for 6 turns
  6211 | D:4      | Killed Grinder
  6212 | D:4      | Reached skill level 7 in Conjurations
  6212 | D:4      | Reached XP level 8. HP: 36/66 MP: 8/14
  6384 | D:4      | Noticed Natasha
  6386 | D:4      | Killed Natasha
  6427 | D:4      | Noticed Duvessa
  6427 | D:4      | Noticed Dowan
  6435 | D:4      | Noticed Natasha
  6443 | D:4      | Killed Duvessa
  6444 | D:4      | Killed Dowan
  6444 | D:4      | Killed Natasha
  6700 | D:4      | Offered knowledge of Stone Arrow by Vehumet.
  6720 | D:4      | Learned a level 3 spell: Stone Arrow
  6836 | D:4      | Noticed Natasha
  6837 | D:4      | Killed Natasha
  6862 | D:5      | Entered Level 5 of the Dungeon
  6899 | D:5      | Reached *** piety under Vehumet
  6900 | D:5      | Reached skill level 1 in Earth Magic
  7109 | D:5      | Reached skill level 5 in Fighting
  8180 | D:6      | Reached skill level 5 in Spellcasting
  8295 | D:6      | Found a staircase to the Ecumenical Temple.
  8309 | D:6      | Reached skill level 5 in Dodging
  8309 | D:6      | Reached skill level 8 in Conjurations
  8318 | Temple   | Entered the Ecumenical Temple
  8700 | D:6      | Offered knowledge of Ignite Poison by Vehumet.
  8838 | D:6      | Reached XP level 9. HP: 66/74 MP: 16/16
  9516 | D:7      | Found an ancient bone altar of Kikubaaqudgha.
  9972 | D:7      | Reached **** piety under Vehumet
 10714 | D:7      | Offered knowledge of Sticky Flame by Vehumet.
 10721 | D:7      | Learned a level 4 spell: Sticky Flame
 10886 | D:7      | Reached skill level 1 in Fire Magic
 11895 | D:8      | Found a glowing silver altar of Zin.
 11944 | D:8      | Found a stormy altar of Qazlal.
 12033 | D:8      | Noticed Gastronok
 12537 | D:8      | Found a staircase to the Lair.
 12768 | D:9      | Found a staircase to the Orcish Mines.
 13110 | D:9      | Reached XP level 10. HP: 84/84 MP: 15/19
 13263 | D:9      | Noticed Psyche
 13287 | D:9      | Killed Psyche
 13288 | D:9      | Reached skill level 9 in Conjurations
 13777 | D:9      | Noticed a centaur warrior
 13787 | D:9      | Killed a centaur warrior
 14514 | D:10     | Entered Level 10 of the Dungeon
 14597 | D:10     | Reached ***** piety under Vehumet
 14597 | D:10     | Offered knowledge of Conjure Ball Lightning by Vehumet.
 14693 | D:10     | Found Hewoi's Armour Boutique.
 16118 | D:11     | Noticed Josephine
 16126 | D:11     | Killed Josephine
 16127 | D:11     | Reached skill level 5 in Fire Magic
 16365 | D:11     | Reached XP level 11. HP: 89/94 MP: 9/21
 16580 | D:11     | HP: 1/95 [wyvern zombie (6)]
 16584 | D:11     | Mangled by a wyvern zombie

Illustrated notes

Levels and vault maps discovered:
D:1:      lemuel_arrival_behind_the_door_large, layout_loops_corners,
          serial_glass, glass_columns_a, glass_columns_a, hex_medium
D:2:      layout_rooms, xom_redecorated, minitemple, uniq_jessica
D:3:      minmay_skewed_foursquare, layout_basic, lightli_corner_chamber
D:4:      layout_basic, nicolae_ossuary_entry_ruins, uniq_duvessa, uniq_natasha,
          uniq_grinder
D:5:      layout_loops_ring
D:6:      layout_basic, minmay_temple_entry_antechambers
D:7:      kb_forest_paths, layout_basic, lemuel_crystal_altar,
          palyth_stone_intersect
D:8:      layout_basic, zin_statuary, lemuel_round_altar, lair_entry_dummy,
          uniq_gastronok
D:9:      layout_loops_corners, erik_orc_3, uniq_psyche
D:10:     layout_basic, serial_shops, nicolae_shop_stone, billiards_dpeg
D:11:     erik_rubicon_a, layout_basic, enter_trove_6, serial_shops,
          nicolae_shop_trees, portal_ice_cave_demonic_guard, uniq_josephine
Temple:   eino_temple_scatter_basement

Skill      XL: |  1  2  3  4  5  6  7  8  9 10 |
---------------+-------------------------------+-----
Dodging        | 2 3 4 5 6 7 |  7.3
Fighting       | 1 2 3 4 5 6 8 |  8.3
Conjurations   | 5 6 7 8 9 |  9.8
Spellcasting   | 3 4 5 6 7 |  7.4
Earth Magic    | 2 3 |  3.5
Fire Magic     | 2 5 |  5.7
Stealth        | |  1.7

Action                   |  1- 3 |  4- 6 |  7- 9 | 10-12 || total
-------------------------+-------+-------+-------+-------++-------
Melee: Unarmed           |    10 |    42 |       |       ||    52
       Tailslap          |       |    14 |    19 |    10 ||    43
       Short sword       |       |   137 |    49 |       ||   186
       Dagger            |       |       |   166 |       ||   166
       Long sword        |       |       |     2 |    85 ||    87
 Cast: Magic Dart        |    57 |     4 |       |       ||    61
       Searing Ray       |     4 |    37 |    56 |    21 ||   118
       Sticky Flame      |       |       |     2 |    11 ||    13
 Abil: Breathe Fire      |       |       |    38 |    11 ||    49
  Use: Potion            |       |       |       |     1 ||     1
 Stab: Sleeping          |       |     3 |     4 |     2 ||     9
Armor: Skin              |     7 |    81 |    80 |    27 ||   195
Dodge: Dodged            |    17 |   152 |   183 |   138 ||   490
       Rpst.: Long sword |       |       |       |    41 ||    41

Table legend: (Time is in decaauts)
 A = Elapsed time spent in this place.
 B = Non-inter-level travel time spent in this place.
 C = Inter-level travel time spent in this place.
 D = Time resting spent in this place.
 E = Time spent auto-exploring this place.
 F = Levels seen in this place.
 G = Mean time per level.
                   A        B        C        D        E       F      G
               +--------+--------+--------+--------+--------+-----+--------+
         Total |  16666 |  16198 |    468 |    809 |  12168 |  13 | 1282.0 |
       Dungeon |  15127 |  14670 |    457 |    402 |  11378 |  11 | 1375.2 |
        Temple |    153 |    142 |     11 |      0 |    141 |   1 |  153.0 |
       Ossuary |   1384 |   1384 |      0 |    407 |    649 |   1 | 1384.0 |
               +--------+--------+--------+--------+--------+-----+--------+

Top non-repeatable levels by time:
     D:7: 2100 daAuts
     D:9: 1918 daAuts
    D:10: 1775 daAuts
     D:3: 1473 daAuts
     D:1: 1464 daAuts
 Ossuary: 1384 daAuts
     D:4: 1334 daAuts
     D:5: 1230 daAuts
     D:2: 1226 daAuts
     D:6: 1226 daAuts
     D:8: 1036 daAuts
    D:11: 341 daAuts
  Temple: 153 daAuts
